 Dungeon Crawl Stone Soup version 0.31.0-11-ge490571c62 (webtiles) character file.

Game seed: 4476470060788832324

509 howech the Changeling (level 7, -1/45 HPs)
             Began as an Octopode Shapeshifter on Feb 7, 2024.
             Slain by a sleepcap (15 damage)
             ... on level 4 of the Dungeon.
             The game lasted 00:11:32 (3534 turns).

howech the Changeling (Octopode Shapeshifter)       Turns: 3534, Time: 00:11:33

Health: -1/45      AC:  1    Str: 14    XL:     7   Next: 19%
Magic:  18/18      EV:  2    Int: 12    God:
Gold:   165        SH:  0    Dex: 13    Spells: 6/8 levels left

rFire   . . .        k - +1 dagger (venom)
rCold   + . .        (no shield)
rNeg    . . .        (helmet currently unavailable)
rPois   .            g - amulet of regeneration
rElec   .            p - ring of magical power
rCorr   .            (no ring)
SInv    .            (no ring)
Will    .....        (no ring)
Stlth   +++          (no ring)
HPRegen 1.07/turn    (no ring)
MPRegen 0.16/turn    (no ring)
                     (no ring)

%: no passive effects
@: beast-form, sleeping
A: beast (slay +2), almost no armour, amphibious, 8 rings, camouflage 1,
gelatinous body 1, (nimble swimmer 1), tentacles, cold resistance 1, MP-powered
wands
a: Begin Untransformation


You were on level 4 of the Dungeon.
You were a hulking beast.
You visited 1 branch of the dungeon, and saw 4 of its levels.

You collected 165 gold pieces.

Inventory:

Hand Weapons
 f - a +0 dagger
 h - a +1 spear of venom
 j - a +1 short sword of venom
 k - a +1 dagger of venom (weapon)
Jewellery
 g - an amulet of regeneration (around mantle)
 p - a ring of magical power (left tentacle)
 t - a ring of see invisible
Talismans
 b - a beast talisman
 c - a flux talisman
Wands
 w - a wand of mindburst (10)
Scrolls
 d - a scroll of revelation
 e - 2 scrolls of enchant armour
 i - 3 scrolls of teleportation
 l - a scroll of amnesia {unknown}
 o - 3 scrolls of vulnerability
 v - a scroll of poison {unknown}
 x - a scroll of acquirement {unknown}
 y - a scroll of fog {unknown}
Potions
 a - 2 potions of lignification
 m - a potion of heal wounds {unknown}
 n - a potion of brilliance {unknown}
 q - a potion of enlightenment {unknown}
 r - a potion of resistance {unknown}
 s - a potion of attraction {unknown}
 z - a potion of haste {unknown}


   Skills:
 + Level 2.5 Fighting
 + Level 1.9 Short Blades
 + Level 3.2 Dodging
 + Level 3.0 Stealth
 + Level 3.8 Unarmed Combat
 + Level 1.4 Spellcasting
 + Level 1.5 Hexes
 + Level 1.5 Ice Magic
 * Level 4.3 Shapeshifting


You had 6 spell levels left.
You knew the following spells:

 Your Spells              Type           Power      Damage    Failure   Level
a - Ensorcelled Hibernat  Hex/Ice        8%         N/A       22%         2

Your spell library contained the following spells:

 Spells                   Type           Power      Damage    Failure   Level
 Foxfire                  Conj/Fire      0%         2x1d4     28%         1
 Shock                    Conj/Air       0%         1d3       28%         1
 Fugue of the Fallen      Necr           0%         N/A       65%         3
 Swiftness                Air            0%         N/A       65%         3
 Anguish                  Hex/Necr       1%         N/A       91%         4
 Airstrike                Air            0%         2d(0-16)  96%         4
 Passage of Golubria      Tloc           0%         N/A       96%         4
 Silence                  Hex/Air        1%         N/A       99%         5
 Plasma Beam              Fire/Air       0%         2x1d10    100%        6
 Starburst                Conj/Fire      0%         6d3       100%        6
 Lehudib's Crystal Spear  Conj/Erth      0%         10d2      100%        8


Dungeon Overview and Level Annotations

Branches:
Dungeon (4/15)
 Temple: D:4-7

Altars:

Annotations:
D:4 Sigmund


Innate Abilities, Weirdness & Mutations

You are a hulking beast.
Your limbs bulge with bestial killing power. (Slay +2)
You cannot wear most types of armour.
You are amphibious.
You can wear up to eight rings at the same time.
Your skin changes colour to match your surroundings (Stealth+).
Your rubbery body absorbs attacks. (AC +1, EV +1)
((You are camouflaged when in or above water. (Stealth+)))
You have tentacles for arms and can constrict up to eight enemies at once.
Your flesh is cold resistant. (rC+)
You expend magic power (3 MP) to strengthen your wands.


Message History

The iguana barely misses you.
You hit the iguana but do no damage.
The iguana is poisoned.
Your grab misses the iguana.
The iguana is lightly wounded.
The iguana bites you!
Unknown command.
You barely miss the iguana. Your grab misses the iguana.
The iguana is lightly wounded.
The iguana bites you.
You hit the iguana but do no damage.
The iguana looks as sick as possible!
Your grab misses the iguana.
The iguana is lightly wounded.
The iguana bites you!
Unknown command.
You hit the iguana.
The iguana looks as sick as possible!
You grab the iguana.
The iguana is heavily wounded.
You constrict the iguana. The iguana bites you.
Unknown command.
You hit the iguana.
The iguana looks as sick as possible!
The iguana is almost dead.
You constrict the iguana, but do no damage.
The iguana bites you.
Unknown command.
You hit the iguana but do no damage.
The iguana looks as sick as possible!
The iguana is almost dead.
You constrict the iguana, but do no damage.
You kill the iguana!
The sleepcap completely misses you.
Unknown command.
You completely miss the sleepcap. You grab the sleepcap.
You constrict the sleepcap. The sleepcap barely misses you.
You hit the sleepcap. You squeeze the sleepcap.
The sleepcap is moderately damaged.
You constrict the sleepcap. The sleepcap releases spores at you.
* * * LOW HITPOINT WARNING * * *
You are engulfed in a cloud of soporific spores!
You fall asleep.
You lose your grip on the sleepcap.
The sleepcap releases spores at you!
You die...

..##.#...##... ..
............. ....##...
...........#
......#..###...........
.......................
...................... .
#....................
..#............h†.....#
................f##...#
..................... .
##.....)..##..........
..........###....#......
.....##...###...###.....
#..........##...###....#
#.(........##...#≈#.....
.....##~........#≈#...#


You could see a sleepcap.

Vanquished Creatures
  An ice beast (D:4)
  A sky beast (D:3)
  A bombardier beetle (D:3)
  A jelly (D:4)
  An iguana (D:4)
  2 orc wizards (D:3)
  7 adders
  4 ribbon worms
  4 dart slugs
  8 orcs (D:3)
  7 ball pythons
  2 bats (D:2)
  3 endoplasms
  8 giant cockroaches
  11 goblins
  12 hobgoblins
  4 quokkas
  4 frilled lizards
  5 kobolds
  16 rats
102 creatures vanquished.

Notes
Turn   | Place    | Note
-------+----------+-------------------------------------------
     0 | D:1      | howech the Octopode Shapeshifter began the quest for the
                  | Orb.
     0 | D:1      | Reached XP level 1. HP: 13/13 MP: 1/1
   114 | D:1      | Reached XP level 2. HP: 18/18 MP: 2/2
   513 | D:1      | Reached XP level 3. HP: 18/23 MP: 3/3
   557 | D:1      | Reached skill level 1 in Stealth
  1103 | D:1      | Gained mutation: You expend magic power (3 MP) to
                  | strengthen your wands. [potion of mutation]
  1103 | D:1      | Gained mutation: Your flesh is cold resistant. (rC+)
                  | [potion of mutation]
  1547 | D:2      | Reached XP level 4. HP: 14/29 MP: 4/4
  2205 | D:2      | Learned a level 2 spell: Ensorcelled Hibernation
  2295 | D:3      | Reached XP level 5. HP: 34/34 MP: 5/5
  2332 | D:3      | Reached skill level 1 in Short Blades
  2844 | D:3      | Noticed a sky beast
  2853 | D:3      | Killed a sky beast
  2854 | D:3      | Reached skill level 1 in Spellcasting
  2854 | D:3      | Reached skill level 1 in Hexes
  2854 | D:3      | Reached skill level 1 in Ice Magic
  2854 | D:3      | Reached skill level 4 in Shapeshifting
  2854 | D:3      | Reached XP level 6. HP: 11/39 MP: 7/7
  3337 | D:4      | Noticed an ice beast
  3366 | D:4      | Killed an ice beast
  3367 | D:4      | Reached XP level 7. HP: 21/45 MP: 9/9
  3500 | D:4      | Noticed Sigmund
  3534 | D:4      | Slain by a sleepcap

Illustrated notes

Levels and vault maps discovered:
D:1:      onia_arrival_mini_maze, layout_basic, minmay_small_reverse_x
D:2:      minmay_razor_zed, layout_basic
D:3:      minmay_inner_zag, layout_basic, st_stairs_14, minmay_misc_feat_alley,
          minmay_guardbox
D:4:      layout_cave_pools, serial_rivers, chequers_serial_rivers_large_b,
          chequers_serial_rivers_large_a, chequers_serial_rivers_micro_b,
          chequers_serial_rivers_small_3, chequers_serial_rivers_micro_a,
          serial_park_tiny_pond, hangedman_decor_growths, serial_park_tiny_2,
          uniq_sigmund, uniq_natasha, uniq_robin, uniq_eustachio

Skill      XL: |  1  2  3  4  5  6 |
---------------+-------------------+-----
Stealth        | 1 2 3 |  3.0
Fighting       | 2 |  2.5
Short Blades   | 1 |  1.9
Dodging        | 3 |  3.2
Spellcasting   | 1 |  1.4
Hexes          | 1 |  1.5
Ice Magic      | 1 |  1.5
Shapeshifting  | 4 |  4.3
Unarmed Combat | |  3.8

Action                     |  1- 3 |  4- 6 |  7- 9 || total
---------------------------+-------+-------+-------++-------
  Melee: Unarmed           |    55 |       |       ||    55
         Constrict         |    18 |    31 |     4 ||    53
         Tentacles         |    13 |    28 |     3 ||    44
         Dagger            |    12 |   120 |    12 ||   144
         Punch             |       |     3 |       ||     3
    Use: Scroll            |     2 |     2 |       ||     4
         Potion            |     1 |       |       ||     1
   Stab: Sleeping          |    12 |    10 |       ||    22
 Armour: Skin              |    19 |    35 |     9 ||    63
  Dodge: Dodged            |    35 |    49 |     5 ||    89
